 Dungeon Sprint DCSS version 0.20-a0-495-g2241292 (webtiles) character file.

5 kae the Shield-Bearer (level 4, 0/38 HPs)
             Began as a Formicid Fighter on Jan 18, 2017.
             Was an Initiate of Okawaru.
             Slain by a jelly (2 damage)
             ... in the Dungeon (Sprint VI: "Thunderdome").
             The game lasted 00:01:47 (187 turns).

kae the Shield-Bearer (Formicid Fighter)             Turns: 187, Time: 00:01:47

Health: 0/38       AC: -20   Str: 21    XL:     4   Next: 20%
Magic:  13/13      EV:  8    Int:  8    God:    Okawaru [......]
Gold:   75         SH: 10    Dex: 12    Spells: 3/3 levels left

rFire    . . .     SeeInvis +   a - +0 flail
rCold    + . .     Gourm    .   b - +0 scale mail
rNeg     . . .     Faith    .   c - +0 shield
rPois    +         Spirit   .   (helmet unavailable)
rElec    +         Reflect  .   (no cloak)
rCorr    .         Harm     .   (no gloves)
MR       .....                  (no boots)
Stlth    +.........             r - amulet of Lugeemor {rC+ Regen+ MP+9}
Regen    0.6/turn               (no ring)
                                q - ring "Bipsir" {Wiz rElec rPois Dex+2 Stlth+}

@: corroded
A: permanent stasis, dig shafts and tunnels, four strong arms, antennae 3
a: Dig, Renounce Religion


You were in the Dungeon.
You worshipped Okawaru.
Okawaru was noncommittal.
You were not hungry.

You visited 1 branch You collected 210 gold pieces.
You spent 135 gold pieces at shops.

Inventory:

Hand Weapons
 a - a +0 flail (weapon)
Armour
 b - a +0 scale mail (worn)
 c - a +0 shield (worn)
Jewellery
 p - the amulet of Plog {Spirit rPois Dex+2}
   (You bought it in a shop in the Dungeon)

   [amulet of guardian spirit]

   It causes incoming damage to be split between your health and magic.
   It affects your dexterity (+2).
   It protects you from poison.
 q - the ring "Bipsir" (left hand) {Wiz rElec rPois Dex+2 Stlth+}
   (You bought it in a shop in the Dungeon)

   [ring of wizardry]

   It improves your spell success rate.
   It affects your dexterity (+2).
   It insulates you from electricity.
   It protects you from poison.
   It makes you more stealthy.
 r - the amulet of Lugeemor (around neck) {rC+ Regen+ MP+9}
   (You bought it in a shop in the Dungeon)

   [amulet of regeneration]

   It protects you from cold.
   It affects your magic capacity (+9).
   It increases your rate of regeneration.
Wands
 m - a wand of acid (5/15)
 n - a wand of iceblast (5/15)
Scrolls
 k - 4 scrolls of blinking
 o - 3 scrolls of fog
Potions
 d - a potion of might
 h - 4 potions of haste
 i - 2 potions of magic
 j - a potion of berserk rage
 l - a potion of resistance
Comestibles
 f - a bread ration
 s - 2 chunks of flesh


   Skills:
 + Level 4.9 Fighting
 * Level 5.0 Maces & Flails
 + Level 4.8 Armour
 + Level 5.4 Shields


You had 3 spell levels left.
You didn't know any spells.

Dungeon Overview and Level Annotations

Branches:
Dungeon (1/1)

Altars:
Cheibriados
Dithmenos
Fedhas
Gozag
Kikubaaqudgha
Makhleb
Okawaru
Qazlal
Ru
Sif Muna
Trog
Uskayaw
Vehumet
Xom
Yredelemnul
Zin
The Shining One
Beogh
Jiyva
Lugonu

Shops:
D *[%??*?*:[((!!!!


Innate Abilities, Weirdness & Mutations

You cannot be hasted, slowed, berserked, paralysed or teleported.
You can dig through walls and to a lower floor.
Your four strong arms can wield two-handed weapons with a shield.
You have a pair of large antennae on your head. (SInv)


Message History

The jelly barely misses you. The jelly closely misses you.
There is a hide-covered altar of Uskayaw here.
Found a shadowy altar of Dithmenos.
Found Nopruihe's Staff Store and Zousyffi's Must-Have Magic.
Found a stormy altar of Qazlal and an ancient bone altar of Kikubaaqudgha.
Found Jual's Magic Scroll Shop.
Found Rihachec's Magic Scroll Shop.
Found a deep blue altar of Sif Muna and a basalt altar of Yredelemnul.
You block the jelly's attack.
There is an iron altar of Okawaru here.
You kneel at the altar of Okawaru.
Okawaru welcomes you! The jelly hits you. The acid corrodes you!
You are splashed with acid!
The acid burns!
* * * LOW HITPOINT WARNING * * *
You hit the jelly but do no damage. The acid corrodes you!
Your hands burn!
* * * LOW HITPOINT WARNING * * *
The jelly hits you.
You die...

#⌠⌠⌠## .....# ##.....##
##∩.....∩## #∩.......∩#
#_......._# #_......._#
#@......._# ###.J.......###
#⌠...........⌠#
######.8.........8.######
##∩.._......###......___∩#
###∩........8.# #.8........∩
##.............###...........
#⌠..........###...###........
#⌠..........# #.<.# #........


You could see a jelly.

Vanquished Creatures
  A jelly (D)
  3 adders (D)
  A ball python (D)
5 creatures vanquished.

Notes
Turn   | Place    | Note
-------+----------+-------------------------------------------
     0 | D        | kae the Formicid Fighter began the quest for the Orb.
     0 | D        | Reached XP level 1. HP: 18/18 MP: 1/1
     1 | D        | Found a blossoming altar of Fedhas.
     1 | D        | Found a sacrificial altar of Ru.
     2 | D        | Found a shimmering altar of Xom.
     2 | D        | Found a viscous altar of Jiyva.
     3 | D        | Found a snail-covered altar of Cheibriados.
     4 | D        | Found Wannopt's Identification Station.
     4 | D        | Found an opulent altar of Gozag.
     4 | D        | Found Gutis's Bee Food.
     5 | D        | Found Sexzoa's Advanced Armour.
     5 | D        | Found Voptegg's Jewellery.
     5 | D        | Round 1.
    21 | D        | Bought a flickering bone amulet for 45 gold pieces
    21 | D        | Bought a warped lapis lazuli ring for 45 gold pieces
    21 | D        | Bought a shimmering pewter amulet for 45 gold pieces
    21 | D        | Identified the amulet of Plog {Spirit rPois Dex+2} (You bought it in a shop in the Dungeon)
    22 | D        | Identified the ring "Bipsir" {Wiz rElec rPois Dex+2 Stlth+} (You bought it in a shop in the Dungeon)
    24 | D        | Identified the amulet of Lugeemor {rC+ Regen+ MP+9} (You bought it in a shop in the Dungeon)
    28 | D        | Found an iron altar of Okawaru.
    33 | D        | Found a glowing golden altar of the Shining One.
    34 | D        | Found Lufiykk's Premium Goods.
    35 | D        | Found Puireh's Miscellaneous Merchandise.
    35 | D        | Found Xoelijodu's Basic Armour.
    36 | D        | Found a bloodstained altar of Trog.
    36 | D        | Found a burning altar of Makhleb.
    36 | D        | Found Ciuddoig's Weapon Rack.
    57 | D        | Found a corrupted altar of Lugonu.
    59 | D        | Found a roughly hewn altar of Beogh.
    59 | D        | Found Qeupt's Do-It-Yourself Clinic.
    59 | D        | Found Ripa Moo's Bottled Wisdom.
    60 | D        | Found Xupamasu's Distillery.
    82 | D        | Reached XP level 2. HP: 4/25 MP: 2/2
    91 | D        | Reached XP level 3. HP: 14/31 MP: 3/3
   131 | D        | Arena points: 5 (+5) [x1]
   146 | D        | Round 2.
   147 | D        | Found a hide-covered altar of Uskayaw.
   147 | D        | Found a glowing silver altar of Zin.
   147 | D        | Found a radiant altar of Vehumet.
   147 | D        | Found Poseang's Distillery.
   165 | D        | Reached skill level 5 in Maces & Flails
   165 | D        | Reached skill level 5 in Shields
   165 | D        | Reached XP level 4. HP: 19/38 MP: 4/4
   173 | D        | Found a shadowy altar of Dithmenos.
   175 | D        | Found a stormy altar of Qazlal.
   175 | D        | Found an ancient bone altar of Kikubaaqudgha.
   175 | D        | Found Nopruihe's Staff Store.
   175 | D        | Found Zousyffi's Must-Have Magic.
   176 | D        | Found Jual's Magic Scroll Shop.
   177 | D        | Found a deep blue altar of Sif Muna.
   177 | D        | Found a basalt altar of Yredelemnul.
   177 | D        | Found Rihachec's Magic Scroll Shop.
   186 | D        | Became a worshipper of Warmaster Okawaru
   187 | D        | Slain by a jelly

Vault maps used:
D:        arena_sprint

Skill      XL: |  1  2  3 |
---------------+----------+-----
Maces & Flails | 3 4 5 |  5.0
Shields        | 4 5 |  5.4
Fighting       | 4 |  4.9
Armour         | 4 |  4.8

Action                   |  1- 3 |  4- 6 || total
-------------------------+-------+-------++-------
Melee: Flail             |    34 |     2 ||    36
  Use: Potion            |     5 |       ||     5
Armor: Scale mail        |    20 |       ||    20
Dodge: Dodged            |    24 |     3 ||    27
Block: Shield            |    22 |     2 ||    24
